[Event "10th Cesme Open-B 2024"]
[Site "Cesme"]
[Date "2024.06.23"]
[Round "1"]
[White "Korkmaz, Necmettin"]
[Black "Sahin, Ata Sarp"]
[Result "1-0"]
[ECO "B51"]
[WhiteElo "1999"]
[BlackElo "1750"]
[Annotator "RC"]
[PlyCount "47"]
[EventDate "2024.06.23"]
[EventType "swiss"]
[EventCountry "TUR"]
[SourceTitle "playchess.com"]
[Source "ChessBase"]
[SourceQuality "1"]
[TimeControl "5400+30"]

1. e4 c5 2. Nf3 d6 3. Bb5+ Nd7 4. a4 Ngf6 5. Nc3 a6 6. Be2 e6 7. O-O Be7 8. d4 cxd4 9. Qxd4 O-O 10. Rd1 b6 11. e5 dxe5 12. Nxe5 Bc5 13. Qf4 Qc7 14. Bf3 Ra7 15. Nc6 Rb7 16. b4 e5 17. Qg3 Bd4 18. Bh6 g6 19. Rxd4 exd4 20. Bf4 Nh5 21. Ne7+ Kh8 22. Bxc7 Nxg3 23. Bxg3 dxc3 24. Nxc8 1-0

[Event "10th Cesme Open-B 2024"]
[Site "Cesme"]
[Date "2024.06.23"]
[Round "1"]
[White "Atis, Hasan"]
[Black "Ozkaynakci, Kayra"]
[Result "1-0"]
[ECO "B67"]
[WhiteElo "1988"]
[BlackElo "1703"]
[Annotator "RC"]
[PlyCount "91"]
[EventDate "2024.06.23"]
[EventType "swiss"]
[EventCountry "TUR"]
[SourceTitle "playchess.com"]
[Source "ChessBase"]
[SourceQuality "1"]
[TimeControl "5400+30"]

1. e4 c5 2. Nf3 d6 3. d4 cxd4 4. Nxd4 Nf6 5. Nc3 Nc6 6. Bg5 e6 7. Qd2 a6 8. O-O-O Bd7 9. Kb1 Be7 10. Nxc6 Bxc6 11. Bd3 b5 12. f3 Qc7 13. h4 Rc8 14. g4 b4 15. Ne2 O-O 16. Ng3 Bb5 17. Bf4 Nd7 18. Qe2 Ne5 19. g5 b3 20. axb3 Bxd3 21. cxd3 Qb7 22. d4 Nc6 23. d5 Nb4 24. Bd2 a5 25. Rc1 Rb8 26. Bc3 Na6 27. Nh5 e5 28. f4 Nc5 29. fxe5 Nxb3 30. exd6 Nxc1 31. Rxc1 Bxd6 32. Nxg7 Bb4 33. Be5 Rbc8 34. Rf1 Bc3 35. Bxc3 Rxc3 36. Nf5 Rb3 37. Nh6+ Kh8 38. Qf2 f6 39. Qd4 Qg7 40. Nf5 Qb7 41. gxf6 Qb6 42. Qxb6 Rxb6 43. e5 a4 44. Ka2 Rc8 45. Rf2 Kg8 46. Ne7+ 1-0

[Event "10th Cesme Open-B 2024"]
[Site "Cesme"]
[Date "2024.06.23"]
[Round "1"]
[White "Dogan, Umut Anil"]
[Black "Akyuz, Kerem Arhan"]
[Result "0-1"]
[ECO "A25"]
[WhiteElo "1982"]
[BlackElo "1789"]
[Annotator "RC"]
[PlyCount "134"]
[EventDate "2024.06.23"]
[EventType "swiss"]
[EventCountry "TUR"]
[SourceTitle "playchess.com"]
[Source "ChessBase"]
[SourceQuality "1"]
[TimeControl "5400+30"]

1. c4 e5 2. Nc3 Nc6 3. g3 g6 4. Bg2 Bg7 5. a3 a5 6. Rb1 Nge7 7. b4 axb4 8. axb4 d6 9. d3 O-O 10. b5 Nb8 11. e3 c6 12. Nge2 Be6 13. O-O Qd7 14. Ne4 h6 15. c5 d5 16. Nd6 Nc8 17. Nxc8 Rxc8 18. d4 Bf5 19. Rb4 Qe7 20. Bb2 Nd7 21. Nc3 exd4 22. exd4 Re8 23. Na4 Qe2 24. Nc3 Qxd1 25. Rxd1 Nf6 26. f3 Re3 27. g4 Bd7 28. Kf2 Rae8 29. Bf1 h5 30. h3 hxg4 31. hxg4 Bxg4 32. fxg4 Nxg4+ 33. Kg1 Rg3+ 34. Bg2 Ne3 35. Rd2 Nc4 36. Rxc4 dxc4 37. bxc6 bxc6 38. Ne2 Rd3 39. Rc2 c3 40. Nxc3 Bxd4+ 41. Kf1 Re6 42. Ne4 Bxb2 43. Rxb2 Kg7 44. Rc2 Ra3 45. Nd6 Ra6 46. Kg1 f5 47. Nb7 Rf6 48. Nd6 Kh6 49. Bf3 Kg5 50. Rc4 Re6 51. Rc2 Kf6 52. Be2 Ra3 53. Kf2 g5 54. Bf3 Ra6 55. Be2 Ra7 56. Bf3 Rc7 57. Bh5 Rh7 58. Bf3 g4 59. Bxc6 f4 60. Kg2 Re3 61. Ne4+ Ke5 62. Nf2 Kf5 63. Bb5 g3 64. c6 Rh2+ 65. Kf1 g2+ 66. Kg1 Re1+ 67. Kxh2 g1=Q+ 0-1

[Event "10th Cesme Open-B 2024"]
[Site "Cesme"]
[Date "2024.06.23"]
[Round "1"]
[White "Yigit, Ahmet Yasir"]
[Black "Seker, Kadir Mert"]
[Result "1-0"]
[ECO "E63"]
[WhiteElo "1964"]
[BlackElo "1694"]
[Annotator "RC"]
[PlyCount "51"]
[EventDate "2024.06.23"]
[EventType "swiss"]
[EventCountry "TUR"]
[SourceTitle "playchess.com"]
[Source "ChessBase"]
[SourceQuality "1"]
[TimeControl "5400+30"]

1. Nf3 Nf6 2. d4 g6 3. c4 Bg7 4. g3 O-O 5. Bg2 d6 6. Nc3 Nc6 7. O-O a6 8. b3 e5 9. Bb2 Nd7 10. dxe5 Ndxe5 11. Qc1 Nxf3+ 12. Bxf3 Be6 13. Rd1 Rc8 14. Rd2 Qe7 15. Qf1 Bh6 16. e3 Ne5 17. Bg2 Bg7 18. f4 Ng4 19. Bxb7 Rb8 20. Qf3 Nxe3 21. Qxe3 Rxb7 22. f5 c5 23. fxe6 Bd4 24. Rxd4 cxd4 25. Qxd4 fxe6 26. Ne4 1-0

[Event "10th Cesme Open-B 2024"]
[Site "Cesme"]
[Date "2024.06.23"]
[Round "1"]
[White "Yilmaz, Kerem Tuna"]
[Black "Dal, Emir Saygin"]
[Result "1/2-1/2"]
[ECO "B66"]
[WhiteElo "1962"]
[BlackElo "1788"]
[Annotator "RC"]
[PlyCount "74"]
[EventDate "2024.06.23"]
[EventType "swiss"]
[EventCountry "TUR"]
[SourceTitle "playchess.com"]
[Source "ChessBase"]
[SourceQuality "1"]
[TimeControl "5400+30"]

1. e4 c5 2. Nf3 d6 3. d4 cxd4 4. Nxd4 Nf6 5. Nc3 Nc6 6. Bg5 e6 7. Qd2 a6 8. Nxc6 bxc6 9. O-O-O Be7 10. Bxf6 gxf6 11. Bc4 Rb8 12. Rhe1 Qb6 13. Bb3 Bd7 14. Na4 Qb7 15. c4 c5 16. f4 Qb4 17. Qc2 Kf8 18. Nc3 Bc6 19. Qe2 a5 20. Nd5 Bxd5 21. exd5 a4 22. Rd3 Qa5 23. dxe6 axb3 24. exf7 Qc7 25. axb3 d5 26. Rxd5 Qxf4+ 27. Kb1 Qc7 28. Rd3 h5 29. Rd5 Rxb3 30. Rxh5 Rxh5 31. Qxh5 Kg7 32. Kc2 Qb7 33. Qg4+ Kxf7 34. Qe6+ Kg6 35. Qg8+ Kh6 36. Qh8+ Kg6 37. Qg8+ Kh6 1/2-1/2

[Event "10th Cesme Open-B 2024"]
[Site "Cesme"]
[Date "2024.06.23"]
[Round "1"]
[White "Buyuk, Eymen Eren"]
[Black "Gurel, Berke Talha"]
[Result "1-0"]
[ECO "E73"]
[WhiteElo "1894"]
[BlackElo "1648"]
[Annotator "NA RC"]
[PlyCount "65"]
[EventDate "2024.06.23"]
[EventType "swiss"]
[EventCountry "TUR"]
[SourceTitle "playchess.com"]
[Source "ChessBase"]
[SourceQuality "1"]
[TimeControl "5400+30"]

1. d4 Nf6 2. c4 g6 3. Nc3 Bg7 4. e4 d6 5. Be2 O-O 6. Be3 c5 7. dxc5 Qa5 8. f3 dxc5 9. e5 Nfd7 10. f4 Rd8 11. Qa4 Qxa4 12. Nxa4 Nf8 13. Nxc5 Nc6 14. Bf3 Nb4 15. Kf2 Ne6 16. Nxe6 Bxe6 17. b3 f6 18. Nh3 fxe5 19. fxe5 Nd3+ 20. Ke2 Nxe5 21. Nf4 Bf7 22. Bd5 Bxd5 23. Nxd5 b5 24. Nc7 bxc4 25. Nxa8 Rxa8 26. Bd4 Rc8 27. Rac1 Rb8 28. Bxe5 Bxe5 29. Rxc4 Rb6 30. g3 Rf6 31. Rf1 Ra6 32. a4 Rb6 33. b4 1-0

[Event "10th Cesme Open-B 2024"]
[Site "Cesme"]
[Date "2024.06.23"]
[Round "1"]
[White "Akincioglu, Onur"]
[Black "Turgut, Hakan"]
[Result "0-1"]
[ECO "C56"]
[WhiteElo "1788"]
[BlackElo "1979"]
[Annotator "RC"]
[PlyCount "52"]
[EventDate "2024.06.23"]
[EventType "swiss"]
[EventCountry "TUR"]
[SourceTitle "playchess.com"]
[Source "ChessBase"]
[SourceQuality "1"]
[TimeControl "5400+30"]

1. e4 e5 2. Nf3 Nc6 3. d4 exd4 4. Bc4 Nf6 5. O-O Nxe4 6. Re1 d5 7. Bxd5 Qxd5 8. Nc3 Qh5 9. Nxe4 Be6 10. Neg5 O-O-O 11. Nxe6 fxe6 12. Rxe6 Bd6 13. Qe2 d3 14. cxd3 Nd4 15. Qe4 Nxe6 16. Qxe6+ Kb8 17. Be3 Rhf8 18. Rc1 Rf6 19. Qe4 Qg6 20. Bg5 Re8 21. Qa4 Rxf3 22. Be3 b6 23. Qc6 Rf6 24. Qb5 Re5 25. Qd7 Qe8 26. Qxg7 Rxe3 0-1

[Event "10th Cesme Open-B 2024"]
[Site "Cesme"]
[Date "2024.06.23"]
[Round "1"]
[White "Gumustas, Ilgaz"]
[Black "Yelligedik, Murat"]
[Result "0-1"]
[ECO "B30"]
[WhiteElo "1786"]
[BlackElo "1984"]
[Annotator "RC"]
[PlyCount "86"]
[EventDate "2024.06.23"]
[EventType "swiss"]
[EventCountry "TUR"]
[SourceTitle "playchess.com"]
[Source "ChessBase"]
[SourceQuality "1"]
[TimeControl "5400+30"]

1. e4 c5 2. Nf3 Nc6 3. Bb5 e6 4. Bxc6 bxc6 5. d3 Ne7 6. O-O Ng6 7. e5 Be7 8. Nc3 O-O 9. Ne4 f6 10. exf6 gxf6 11. Bh6 Rf7 12. Qd2 d5 13. Ng3 e5 14. h4 Bf8 15. h5 Bxh6 16. Qxh6 Nf4 17. Nh4 Rg7 18. Rfe1 Qf8 19. Kh1 Bg4 20. Nhf5 Rg5 21. Rxe5 Kh8 22. Rae1 Qxh6 23. Nxh6 Rxe5 24. Rxe5 fxe5 25. Nxg4 Re8 26. h6 Re6 27. Nf5 Kg8 28. g3 Nh5 29. Kg2 Kf7 30. Kh3 Nf6 31. Ng7 Nxg4 32. Nxe6 Nxf2+ 33. Kg2 Kxe6 34. Kxf2 Kf5 35. Kf3 Kg5 36. c3 Kxh6 37. Kg4 Kg6 38. a3 h5+ 39. Kh4 e4 40. dxe4 d4 41. cxd4 cxd4 42. g4 d3 43. gxh5+ Kh6 0-1

[Event "10th Cesme Open-B 2024"]
[Site "Cesme"]
[Date "2024.06.23"]
[Round "1"]
[White "Ozkan, Kaan"]
[Black "Yildiz, Egehan"]
[Result "1-0"]
[ECO "B12"]
[WhiteElo "1781"]
[BlackElo "1984"]
[Annotator "RC"]
[PlyCount "85"]
[EventDate "2024.06.23"]
[EventType "swiss"]
[EventCountry "TUR"]
[SourceTitle "playchess.com"]
[Source "ChessBase"]
[SourceQuality "1"]
[TimeControl "5400+30"]

1. e4 c6 2. Ne2 d5 3. e5 c5 4. d4 Nc6 5. c3 cxd4 6. cxd4 Bf5 7. Nbc3 e6 8. Ng3 Bg6 9. h4 h6 10. h5 Bh7 11. Bd3 Bxd3 12. Qxd3 Qb6 13. Be3 Bb4 14. O-O Bxc3 15. bxc3 Na5 16. Rab1 Qc6 17. f4 Rc8 18. f5 Qxc3 19. Qb5+ Rc6 20. Bf2 a6 21. Qe2 Ne7 22. f6 gxf6 23. exf6 Nc8 24. Nf5 Qc2 25. Ng7+ Kd8 26. Nxe6+ fxe6 27. Qg4 Nd6 28. f7 Nxf7 29. Qg7 Qh7 30. Bh4+ Ng5 31. Bxg5+ hxg5 32. Rf8+ Rxf8 33. Qxh7 Rc7 34. Qh6 Re8 35. Re1 Kd7 36. Qxg5 Nc6 37. h6 Re7 38. Qg8 Rc8 39. h7 Ree8 40. Qg7+ Ne7 41. Qf7 Rc6 42. Qxe8+ Kxe8 43. h8=Q+ 1-0

[Event "10th Cesme Open-B 2024"]
[Site "Cesme"]
[Date "2024.06.23"]
[Round "1"]
[White "Gunal, Yusuf Kursat"]
[Black "Gonullu, Muhammed Sinan"]
[Result "0-1"]
[ECO "A41"]
[WhiteElo "1773"]
[BlackElo "1922"]
[Annotator "RC"]
[PlyCount "96"]
[EventDate "2024.06.23"]
[EventType "swiss"]
[EventCountry "TUR"]
[SourceTitle "playchess.com"]
[Source "ChessBase"]
[SourceQuality "1"]
[TimeControl "5400+30"]

1. d4 d6 2. Nf3 Bg4 3. g3 Bxf3 4. exf3 g6 5. Bg2 Bg7 6. O-O Nd7 7. f4 c6 8. a4 a5 9. c3 Ngf6 10. Qc2 e6 11. Nd2 O-O 12. Nc4 Nb6 13. b3 Qc7 14. Ba3 Rfd8 15. Nxb6 Qxb6 16. Rad1 Rac8 17. c4 Qc7 18. Qd3 d5 19. c5 Bf8 20. b4 b6 21. Qc3 axb4 22. Bxb4 Ra8 23. cxb6 Qxb6 24. Bxf8 Rxf8 25. Ra1 Qa5 26. Qxc6 Rfc8 27. Qb5 Rc4 28. Qxa5 Rxa5 29. Rfd1 Raxa4 30. Rxa4 Rxa4 31. Bf3 Ne8 32. g4 Nd6 33. Be2 Ne4 34. Bf1 Ra2 35. f3 Nd2 36. Bg2 Nb3 37. f5 gxf5 38. gxf5 Kg7 39. fxe6 fxe6 40. Rb1 Nxd4 41. Rb7+ Kg6 42. h4 h6 43. Kf1 Ne2 44. Bh3 Nf4 45. h5+ Kxh5 46. Bg4+ Kh4 47. Rf7 Kg3 48. Ke1 h5 0-1

[Event "10th Cesme Open-B 2024"]
[Site "Cesme"]
[Date "2024.06.23"]
[Round "1"]
[White "Sadik, Muhammed Selim"]
[Black "Dirikolu, Deniz"]
[Result "1/2-1/2"]
[ECO "D27"]
[WhiteElo "1763"]
[BlackElo "1978"]
[Annotator "RC"]
[PlyCount "92"]
[EventDate "2024.06.23"]
[EventType "swiss"]
[EventCountry "TUR"]
[SourceTitle "playchess.com"]
[Source "ChessBase"]
[SourceQuality "1"]
[TimeControl "5400+30"]

1. d4 Nf6 2. Nf3 d5 3. c4 e6 4. Nc3 dxc4 5. e3 a6 6. a4 c5 7. Bxc4 cxd4 8. exd4 Nbd7 9. O-O Be7 10. Qe2 Nb6 11. Bb3 O-O 12. Bg5 h6 13. Bh4 Bd7 14. Ne5 Bc6 15. Rad1 Nbd5 16. f4 Qb6 17. Bxd5 Bxd5 18. Bxf6 Bxf6 19. Nxd5 exd5 20. Nd7 Bxd4+ 21. Kh1 Qxb2 22. Qxb2 Bxb2 23. Nxf8 Rd8 24. Rf3 Kxf8 25. Rfd3 Ke7 26. Rxd5 Rxd5 27. Rxd5 Ba3 28. Rd3 Bc5 29. g4 b6 30. Kg2 Bd6 31. Kf3 Kd7 32. Rc3 Bc5 33. Ke4 Kc6 34. h4 b5 35. axb5+ axb5 36. h5 b4 37. Rc1 Kb5 38. Kd3 Bd6 39. Rf1 Kc5 40. Rc1+ Kd5 41. Rc4 b3 42. Ra4 Ke6 43. Kc3 f5 44. g5 hxg5 45. fxg5 f4 46. Kxb3 f3 1/2-1/2